 Dungeon Crawl Stone Soup version 0.28.0-43-g3370ac3207 (webtiles) character file.

Game seed: 9856089755448647783

502 smarlow the Magician (level 7, 0/45 HPs)
             Began as a Djinni Conjurer on Mar 5, 2022.
             Slain by a centaur skeleton (4 damage)
             ... on level 5 of the Dungeon.
             The game lasted 00:08:38 (5730 turns).

smarlow the Magician (Djinni Conjurer)              Turns: 5730, Time: 00:08:39

Health: 0/45       AC:  2    Str:  6    XL:     7   Next: 40%
Gold:   124        EV: 12    Int: 21    God:
                   SH:  0    Dex: 12

rFire   + + .      SeeInvis .   (no weapon)
rCold   x . .      Faith    .   (no shield)
rNeg    . . .      Spirit   .   a - +0 robe
rPois   ∞          Reflect  .   (no helmet)
rElec   .          Harm     .   (no cloak)
rCorr   .          Rampage  .   (no gloves)
Will    .....                   (boots unavailable)
Stlth   ++........              (no amulet)
HPRegen 0.15/turn               (no ring)
MPRegen 0.00/turn               (no ring)

@: flying
A: sickness immunity, fire resistance 2, cold vulnerability 1, float, innate
caster, HP casting, extra vitality 1
a: no special abilities


You were on level 5 of the Dungeon.
You visited 1 branch of the dungeon, and saw 5 of its levels.

You collected 124 gold pieces.

Inventory:

Armour
 a - a +0 robe (worn)
 o - a +0 helmet
Jewellery
 n - an amulet of faith
Wands
 i - a wand of charming (10)
Scrolls
 e - a scroll of blinking
 f - a scroll of teleportation
Potions
 b - 3 potions of might {unknown}
 c - a potion of degeneration {unknown}
 g - 3 potions of heal wounds
 h - 3 potions of curing
 l - a potion of haste {unknown}
 p - a potion of magic {unknown}
 q - a potion of cancellation {unknown}
 r - a potion of invisibility {unknown}


   Skills:
 - Level 2.1 Dodging
 - Level 1.5 Stealth
 * Level 6.5 Spellcasting


You couldn't memorise any spells.
You knew the following spells:

 Your Spells              Type           Power      Damage    Failure   Level
a - Magic Dart            Conj           100%       1d8       1%          1
b - Searing Ray           Conj           68%        2d6       1%          2
c - Dazzling Flash        Conj/Hex       68%        N/A       1%          3
d - Fulminant Prism       Conj/Hex       17%        3d11      6%          4
e - Iskenderun's Mystic   Conj/Tloc      34%        2d8       6%          4
f - Summon Small Mammal   Summ           100%       N/A       1%          1
g - Scorch                Fire           68%        2d8       1%          2
h - Blink                 Tloc           68%        N/A       1%          2
Your spell library was empty.

Dungeon Overview and Level Annotations

Branches:
Dungeon (5/15)
 Temple: D:4-7

Altars:
Dithmenos
Vehumet

Shops:
D:1 (   D:3 ?

Annotations:
D:3 1 runed translucent door, Crazy Yiuf


Innate Abilities, Weirdness & Mutations

You are immune to sickness and miasma.
You are immune to poison.
Your flesh is very heat resistant. (rF++)
You are vulnerable to cold. (rC-)
You float through the air rather than walking.
You learn spells naturally, not from books.
Your magical power is your life essence.
You have superior vitality. (+4 MHP)


Message History

Things that are here:
a +0 shortbow; 7 arrows; an adder corpse A centaur skeleton comes into view.
An adder skeleton comes into view.
Casting: Iskenderun's Mystic Blast (dangerous; 6% risk of failure)
Confirm with . or Enter, or press ? or * to list all spells.
Aiming: Searing Ray (safe; 1% risk of failure)
Press: ? - help, Shift-Dir - straight line, f - adder skeleton
Aim: an adder skeleton (dormant, 100% to hit)
The searing ray hits the adder skeleton!
The adder skeleton is severely damaged. (Press . to maintain the ray.)
You hear an angry hiss.
You hear an angry growl.
The searing ray hits the iguana.
The iguana is lightly wounded.
The searing ray hits the iguana.
The iguana is moderately wounded.
Casting: Searing Ray (safe; 1% risk of failure)
Confirm with . or Enter, or press ? or * to list all spells.
Aiming: Fulminant Prism (dangerous; 6% risk of failure)
Press: ? - help, Dir - move target, p - adder skeleton You conjure a prism of explosive energy!
* * * LOW HITPOINT WARNING * * *
A fulminant prism comes into view.
The iguana bites you.
* * * LOW HITPOINT WARNING * * *
The centaur skeleton barely misses you. x2; The iguana bites you.
* * * LOW HITPOINT WARNING * * *
You hear a loud crackle.
You hear an explosion!
You hear an angry growl.
The blast of energy engulfs the iguana!
You kill the iguana!
The centaur skeleton barely misses you.
The centaur skeleton kicks you but does no damage.
Casting: Fulminant Prism (dangerous; 6% risk of failure)
Confirm with . or Enter, or press ? or * to list all spells.
You don't have enough health to cast this spell.
A black bear comes into view.
The centaur skeleton hits you.
You die...

#.#
##.#.##.(..##)#)#
#.##o
#.#.##.#...#.##.#.##
##.S
#.#.##w#.#.##.#.##
#l.Z
##.#.##.#.##.#.##
##'# ##.#.##.##.#.##
... ##h#.###.#.##
.... ##Z#.#.#.##
[.... ##.#.#.##
...... ##.#@##
######. ##Z## . ###


You could see a centaur skeleton.

Vanquished Creatures
  A necrophage (D:5)
  An ogre (D:4)
  A centaur (D:5)
  4 lemures
  A jelly (D:4)
  An iguana (D:5)
  2 orc wizards (D:4)
  A howler monkey skeleton (D:4)
  4 adders
  An adder skeleton (D:4)
  A worm (D:2)
  2 dart slugs
  6 orcs
  8 ball pythons
  6 endoplasms
  4 giant cockroaches
  3 goblins
  6 hobgoblins
  8 jackals
  6 kobolds
  6 quokkas
  5 bats
  11 rats
89 creatures vanquished.

Vanquished Creatures (others)
  2 fulminant prisms
2 creatures vanquished.

Grand Total: 91 creatures vanquished

Notes
Turn   | Place    | Note
-------+----------+-------------------------------------------
     0 | D:1      | smarlow the Djinni Conjurer began the quest for the Orb.
     0 | D:1      | Reached XP level 1. HP: 15/15 MP: 0/0
   187 | D:1      | Found a faded altar of an unknown god.
   288 | D:1      | Reached XP level 2. HP: 18/21 MP: 0/0
   932 | D:1      | Reached XP level 3. HP: 24/25 MP: 0/0
   932 | D:1      | Learned a level 1 spell: Summon Small Mammal
  1111 | D:1      | Reached skill level 4 in Spellcasting
  1919 | D:1      | Found Kufrake Bizo's Antique Weapon Shoppe.
  2149 | D:2      | Reached XP level 4. HP: 26/31 MP: 0/0
  3402 | D:3      | Found Aranax's Magic Scroll Boutique.
  3611 | D:3      | Found a runed translucent door.
  3612 | D:3      | Noticed Crazy Yiuf
  3972 | D:4      | Noticed Pikel
  3973 | D:4      | Noticed a lemure
  3973 | D:4      | Noticed a lemure
  3981 | D:4      | Noticed a lemure
  4022 | D:3      | Killed a lemure
  4395 | D:4      | Reached XP level 5. HP: 28/35 MP: 0/0
  4395 | D:4      | Learned a level 2 spell: Scorch
  4472 | D:4      | Reached skill level 5 in Spellcasting
  4477 | D:4      | Reached XP level 6. HP: 30/40 MP: 0/0
  4558 | D:4      | Found a shadowy altar of Dithmenos.
  4887 | D:4      | Noticed an ogre
  4892 | D:4      | Killed an ogre
  5544 | D:5      | Entered Level 5 of the Dungeon
  5633 | D:5      | Noticed a necrophage
  5634 | D:5      | Reached skill level 6 in Spellcasting
  5634 | D:5      | Reached XP level 7. HP: 20/45 MP: 0/0
  5634 | D:5      | Learned a level 2 spell: Blink
  5730 | D:5      | Slain by a centaur skeleton

Illustrated notes

Levels and vault maps discovered:
D:1:      amcnicky_arrival_single_pillar, layout_basic, serial_shops, shop,
          nicolae_ecumenical_lake_church, minmay_strange_pillars
D:2:      layout_basic, minivault_5
D:3:      layout_basic, serial_shops, shop, kennysheep_generic_room_13,
          uniq_crazy_yiuf_cottage
D:4:      layout_basic, lemuel_tele_altar,
          nicolae_dithmenos_through_a_glass_darkly, uniq_pikel
D:5:      minmay_inner_zag, layout_gridville, led_sif_pool,
          nemelex_spade_bored_becter, nicolae_overflow_crystal_walls,
          minmay_temple_entry_wispy, serial_shops, shop, enter_ossuary_3,
          uniq_sigmund, uniq_menkaure

Skill      XL: |  1  2  3  4  5  6 |
---------------+-------------------+-----
Spellcasting   | 4 5 6 |  6.5
Dodging        | |  2.1
Stealth        | |  1.5

Action                   |  1- 3 |  4- 6 |  7- 9 || total
-------------------------+-------+-------+-------++-------
 Cast: Magic Dart        |    83 |   102 |       ||   185
       Searing Ray       |       |     4 |     2 ||     6
       Iskenderun's Myst |       |     8 |     1 ||     9
       Fulminant Prism   |       |     1 |     1 ||     2
  Use: Scroll            |       |     7 |       ||     7
Armor: Robe              |     1 |     3 |     1 ||     5
Dodge: Dodged            |     9 |    17 |     6 ||    32
